 Dungeon Crawl Stone Soup version 0.31-a0-516-gfcb59812bd (webtiles) character file.

Game seed: 7003948673440059048

170 Azelaic the Magician (level 5, -1/35 HPs)
             Began as a Djinni Fire Elementalist on Aug 10, 2023.
             Was a Believer of Makhleb.
             Shot with an arrow by a centaur (12 damage)
             ... on level 6 of the Dungeon.
             The game lasted 00:15:39 (7415 turns).

Azelaic the Magician (Djinni Fire Elementalist)     Turns: 7415, Time: 00:15:40

Health: -1/35      AC:  6    Str:  7    XL:     5   Next: 80%
Gold:   233        EV: 27    Int: 19    God:    Makhleb [**....] SH:  4 Dex: 13

rFire   + + .        l - +1 long sword (flame)
rCold   x . .        f - +0 buckler
rNeg    . . .        a - +0 robe
rPois   ∞            (no helmet)
rElec   .            (no cloak)
rCorr   .            (no gloves)
SInv    .            (boots unavailable)
Will    .....        n - amulet of the acrobat
Stlth   ++           m - +4 ring of protection
HPRegen 0.25/turn    (no ring)
MPRegen 0.00/turn

%: acrobat, infuse magic (-2 HP)
@: acrobatic, flying, hasted, very quick
A: sickness immunity, fire resistance 2, cold vulnerability 1, float, innate
caster, HP casting, extra vitality 1
a: Renounce Religion, Minor Destruction


You were on level 6 of the Dungeon.
You worshipped Makhleb.
Makhleb was pleased with you.
You visited 1 branch of the dungeon, and saw 5 of its levels.

You collected 233 gold pieces.

Inventory:

Hand Weapons
 l - a +1 long sword of flaming (weapon)
 w - a +1 hand axe of electrocution
Missiles
 s - 2 boomerangs
 t - 6 poisoned darts
Armour
 a - a +0 robe (worn)
 f - a +0 buckler (worn)
Jewellery
 m - a +4 ring of protection (left hand)
 n - an amulet of the acrobat (around neck)
Wands
 q - a wand of roots (7)
Scrolls
 b - a scroll of butterflies {unknown}
 c - 2 scrolls of poison
 d - a scroll of teleportation
 e - 3 scrolls of blinking
 j - a scroll of fog {unknown}
 k - a scroll of fear {unknown}
 p - a scroll of immolation {unknown}
 r - a scroll of torment {unknown}
Potions
 g - a potion of cancellation
 h - a potion of magic
 o - a potion of lignification {unknown}
 u - 2 potions of brilliance {unknown}


   Skills:
 + Level 0.2 Fighting
 + Level 0.6 Long Blades
 + Level 0.2 Polearms
 + Level 3.3 Dodging
 + Level 3.2 Stealth
 + Level 0.4 Shields
 + Level 3.5 Spellcasting
 + Level 3.5 Conjurations
 + Level 3.5 Hexes
 + Level 3.5 Summonings
 + Level 3.5 Necromancy
 + Level 3.5 Translocations
 + Level 3.5 Transmutations
 + Level 3.5 Fire Magic
 + Level 3.5 Ice Magic
 + Level 3.5 Air Magic
 + Level 3.5 Earth Magic
 + Level 3.5 Poison Magic


You knew the following spells:

 Your Spells              Type           Power      Damage    Failure   Level
a - Foxfire               Conj/Fire      64%        2x1d7     5%          1
b - Scorch                Fire           32%        2d6       9%          2
c - Volatile Blastmotes   Fire/Tloc      32%        2d12      17%         3
d - Inner Flame           Hex/Fire       16%        N/A       17%         3
e - Flame Wave            Conj/Fire      16%        2d7       50%         4
f - Kiss of Death         Conj/Necr      64%        2d10      5%          1
g - Blink                 Tloc           32%        N/A       9%          2
Your spell library was empty.

Dungeon Overview and Level Annotations

Branches:
Dungeon (6/15)
 Temple: D:4-7

Altars:
Ashenzari
Makhleb
Ru


Innate Abilities, Weirdness & Mutations

You are immune to sickness and miasma.
You are immune to poison.
Your flesh is very heat resistant. (rF++)
You are vulnerable to cold. (rC-)
You float through the air rather than walking.
You learn spells naturally, not from books.
Your magical power is your life essence.
You have superior vitality. (+4 MHP)


Message History

Flames lash the sleepcap.
The sleepcap is burned terribly!
The sleepcap is severely damaged.
The sleepcap barely misses you.
You miscast Scorch.
You are very lightly contaminated with residual magic.
Nothing appears to happen.
The sleepcap closely misses you.
Flames lash the sleepcap.
The sleepcap is burned terribly!
You destroy the sleepcap!
Makhleb accepts your kill.
You start resting.
Your magical contamination has completely faded away.
You start resting.
HP restored.
You start waiting.
Done waiting.
u - 2 silvery potions (gained 1)
A centaur comes into view.
The centaur shouts!
The centaur wields a +0 orcbow.
The centaur shoots an arrow.
The arrow closely misses you.
A centaur is nearby!
The centaur shoots an arrow.
The arrow completely misses you.
The centaur shoots an arrow.
The arrow closely misses you.
Aiming: Fastroot
Press: ? - help, Q - select action, (/) - cycle Shift-Dir - straight line
Okay, then.
The centaur shoots an arrow.
The arrow hits you!
The centaur shoots an arrow.
The arrow hits you!
Aiming: Fastroot
Press: ? - help, Q - select action, (/) - cycle Shift-Dir - straight line The roots erupt in riotous growth!
Roots grab the centaur.
The grasping roots constrict the centaur.
The centaur shoots an arrow.
The arrow barely misses you.
You feel yourself speed up.
The grasping roots constrict the centaur.
The roots release their grip on the centaur.
The centaur shoots an arrow.
The arrow barely misses you.
The centaur shoots an arrow.
The arrow hits you!
You die...

# #.# #.# ####
#.###########.# ...#
#.#.........#.#
...####.#...#####.#.#
##..........# #.#.#
##.........# #.#.#
#.........# #.#.#
#......##.#####.#.#
#......##.....@...#
#.......c.##.######
##.#..<...##.#
#........>...#
#............##
#.....##......#######
#.............'.....#
#^............#####.#
###...........# #.#


You could see a centaur.

Vanquished Creatures
  2 sleepcaps
  A gnoll (D:1)
  3 adders
  2 dart slugs
  3 orcs
  10 endoplasms
  5 giant cockroaches
  6 goblins
  9 hobgoblins
  2 jackals (D:1)
  11 kobolds
  9 ball pythons
  2 bats (D:1)
  3 frilled lizards
  6 rats
74 creatures vanquished.

Vanquished Creatures (others)
  25 foxfires (D:1)
25 creatures vanquished.

Grand Total: 99 creatures vanquished

Notes
Turn   | Place    | Note
-------+----------+-------------------------------------------
     0 | D:1      | Azelaic the Djinni Fire Elementalist began the quest for
                  | the Orb.
     0 | D:1      | Azelaic set off with the following spells memorised:
                  | Foxfire, Scorch, Volatile Blastmotes, Inner Flame, Flame
                  | Wave.
     0 | D:1      | Reached XP level 1. HP: 15/15 MP: 0/0
    54 | D:1      | Reached XP level 2. HP: 12/21 MP: 0/0
  1069 | D:1      | Reached XP level 3. HP: 16/25 MP: 0/0
  1069 | D:1      | Learned a level 1 spell: Kiss of Death
  1414 | D:1      | Found a faded altar of an unknown god.
  1419 | D:1      | Prayed at the altar of an unknown god.
  1419 | D:1      | Became a worshipper of Makhleb the Destroyer
  1419 | D:1      | Reached * piety under Makhleb
  2627 | D:2      | Reached XP level 4. HP: 27/31 MP: 0/0
  4646 | D:3      | Found a broken altar of Ashenzari.
  4646 | D:3      | Found a sacrificial altar of Ru.
  5438 | D:3      | Reached XP level 5. HP: 33/35 MP: 0/0
  5438 | D:3      | Learned a level 2 spell: Blink
  6893 | D:4      | Reached ** piety under Makhleb
  7143 | D:4      | You are sucked into a shaft and drop 2 floors!
  7387 | D:6      | Noticed a centaur
  7415 | D:6      | Shot with an arrow by a centaur

Illustrated notes

Levels and vault maps discovered:
D:1:      grunt_arrival_lava_bath, layout_basic,
          chequers_ecumenical_altar_grove, minmay_vboxes
D:2:      layout_loops_ring
D:3:      layout_basic, gammafunk_temple_overflow_elements
D:4:      layout_basic, chequers_serial_rivers_micro_d
D:6:      layout_basic, nicolae_overflow_squiral, mainiacjoe_overflow_brackets,
          temple_fountains, serial_shops, shop, roderic_batcave,
          kennysheep_flooded_box, uniq_eustachio, uniq_maggie, uniq_grinder

Skill      XL: |  1  2  3  4  5 |
---------------+----------------+-----
Spellcasting   | |  3.5
Conjurations   | |  3.5
Hexes          | |  3.5
Summonings     | |  3.5
Necromancy     | |  3.5
Translocations | |  3.5
Transmutations | |  3.5
Fire Magic     | |  3.5
Ice Magic      | |  3.5
Air Magic      | |  3.5
Earth Magic    | |  3.5
Poison Magic   | |  3.5
Stealth        | 2 3 |  3.2
Dodging        | 3 |  3.3
Fighting       | |  0.2
Long Blades    | |  0.6
Polearms       | |  0.2
Shields        | |  0.4

Action                     |  1- 3 |  4- 6 || total
---------------------------+-------+-------++-------
  Melee: Rapier            |     4 |       ||     4
         Trident           |     4 |       ||     4
         Long sword        |       |     2 ||     2
   Cast: Foxfire           |    16 |       ||    16
         Scorch            |    22 |    61 ||    83
  Evoke: Wand              |       |     1 ||     1
    Use: Scroll            |       |     6 ||     6
         Potion            |       |     1 ||     1
   Stab: Sleeping          |       |     1 ||     1
 Armour: Robe              |     2 |     3 ||     5
  Dodge: Dodged            |     8 |    13 ||    21
  Block: Buckler           |     5 |     1 ||     6

Table legend: (Time is in decaauts)
 A = Elapsed time spent in this place.
 B = Non-inter-level travel time spent in this place.
 C = Inter-level travel time spent in this place.
 D = Time resting spent in this place.
 E = Time spent auto-exploring this place.
 F = Levels seen in this place.
 G = Mean time per level.
                   A        B        C        D        E       F      G
               +--------+--------+--------+--------+--------+-----+--------+
         Total |   7416 |   6912 |    504 |   4428 |   2067 |   5 | 1483.2 |
       Dungeon |   7416 |   6912 |    504 |   4428 |   2067 |   5 | 1483.2 |
               +--------+--------+--------+--------+--------+-----+--------+

Top non-repeatable levels by time:
     D:1: 2427 daAuts
     D:3: 2030 daAuts
     D:2: 1615 daAuts
     D:4: 1071 daAuts
     D:6: 271 daAuts
